 Dungeon Crawl Stone Soup version 0.19.5 (webtiles) character file.

121 isochron the Ruffian (level 4, -11/66 HPs)
             Began as a Troll Berserker on Mar 26, 2017.
             Was a Believer of Trog.
             Mangled by an ogre
             ... wielding a +0 giant club
              (14 damage)
             ... on level 3 of the Dungeon.
             The game lasted 00:30:40 (1748 turns).

isochron the Ruffian (Troll Berserker)              Turns: 1748, Time: 00:30:41

Health: -11/66     AC:  5    Str: 31    XL:     4   Next: 77%
Magic:  3/3        EV: 11    Int:  3    God:    Trog [**....]
Gold:   91         SH:  0    Dex:  9    Spells: 0 memorised, 3 levels left

rFire  . . .     SeeInvis .       - Unarmed
rCold  . . .     Gourm    +     u - +0 robe
rNeg   . . .     Faith    .     (no shield)
rPois  +         Spirit   .     (helmet restricted)
rElec  .         Reflect  .     (no cloak)
rCorr  .         Harm     .     (gloves unavailable)
MR     .....                    (boots unavailable)
Stlth  ..........               (no amulet)
                                (no ring)
                                h - ring of poison resistance

@: berserking, very quick
A: unfitting armour, claws 3, fast metabolism 3, gourmand, regeneration 1,
shaggy fur 1, tough skin 2
a: Berserk, Trog's Hand, Burn Spellbooks, Renounce Religion


You were on level 3 of the Dungeon.
You worshipped Trog.
Trog was pleased with you.
You were not hungry.

You visited 1 branch of the dungeon, and saw 3 of its levels.

You collected 91 gold pieces.

Inventory:

Hand Weapons
 g - a +0 club
 o - a +0 short sword {iimutilate}
Missiles
 i - 61 stones (quivered) {kill}
Armour
 a - a +0 animal skin
 e - a cursed +0 pair of gloves
 k - a +0 ring mail
 u - a +0 robe (worn)
Jewellery
 h - a ring of poison resistance (left claw)
Wands
 x - a wand of polymorph (14/24)
Scrolls
 c - 4 scrolls of remove curse
 d - a scroll of identify
 f - 2 scrolls of teleportation
 p - a scroll of recharging {unknown}
Potions
 j - 2 potions of lignification {unknown}
 l - a potion of curing
 n - a potion of flight {unknown}
 q - a potion of agility {unknown}
 r - 2 potions of resistance {unknown}
 t - a potion of mutation {unknown}
 v - 2 potions of brilliance {unknown}
Comestibles
 b - 2 bread rations
 m - 9 chunks of flesh
 s - 3 fruits
 w - a meat ration


   Skills:
 + Level 2.9 Fighting
 * Level 3.4 Dodging
 + Level 4.2 Unarmed Combat


You had 3 spell levels left.
You didn't know any spells.

Dungeon Overview and Level Annotations

Branches:
Dungeon (3/15)

Altars:
Yredelemnul


Innate Abilities, Weirdness & Mutations

You are too large for most types of armour.
You have claws for hands.
Your metabolism is lightning-fast.
You like to eat raw meat.
Your natural rate of healing is unusually fast.
You are covered in fur. (AC +1)
You have very tough skin. (AC +2)


Message History

You barely miss the ogre. You claw the ogre!
The ogre is moderately wounded.
The ogre hits you with a giant club!
You claw the ogre!
The ogre is almost dead.
The ogre hits you with a giant club!
You barely miss the ogre.
The ogre is almost dead.
The ogre hits you with a giant club!
You barely miss the ogre.
The ogre is almost dead.
You barely miss the ogre.
The ogre is almost dead.
The ogre hits you with a giant club!
* * * LOW HITPOINT WARNING * * *
A red film seems to cover your vision as you go berserk!
You feel yourself moving faster!
You feel mighty!
You feel a lot more hungry. The ogre hits you with a giant club!
You die...

...... .>.... ....#
#..... ... #..... ##.#
#..... #÷.# ##...#
...#.##÷### #....
..........## ..###
...#####...###########
###..O@$.......
#.#########.. #.# ...
.... ...... #......
#.......


You could see an ogre.

Vanquished Creatures
  A hound (D:3)
  5 adders
  3 worms
  A dart slug (D:1)
  A leopard gecko (D:2)
  A giant cockroach (D:2)
  3 goblins (D:1)
  6 hobgoblins
  4 kobolds
  2 quokkas
  5 bats
  4 frilled lizards
  2 rats
38 creatures vanquished.

Notes
Turn   | Place    | Note
-------+----------+-------------------------------------------
     0 | D:1      | isochron the Troll Berserker began the quest for the Orb.
     0 | D:1      | Reached XP level 1. HP: 22/22 MP: 0/0
   256 | D:1      | Reached XP level 2. HP: 29/29 MP: 1/1
   693 | D:2      | Reached XP level 3. HP: 33/36 MP: 2/2
  1461 | D:2      | Reached ** piety under Trog
  1590 | D:3      | Reached XP level 4. HP: 40/44 MP: 3/3
  1592 | D:3      | Reached skill level 4 in Unarmed Combat
  1636 | D:3      | Found a basalt altar of Yredelemnul.
  1735 | D:3      | Noticed an ogre
  1747 | D:3      | HP: 2/44 [ogre/giant club (13)]
  1748 | D:3      | Mangled by an ogre

Skill      XL: |  1  2  3  4 |
---------------+-------------+-----
Dodging        | 3 |  3.4
Unarmed Combat | 4 |  4.2
Fighting       | |  2.9

Action                   |  1- 3 |  4- 6 || total
-------------------------+-------+-------++-------
Melee: Unarmed           |    70 |    36 ||   106
Invok: Berserk           |     1 |     1 ||     2
  Use: Scroll            |     2 |       ||     2
       Potion            |       |     2 ||     2
  Eat: Chunk             |    10 |       ||    10
       Meat ration       |     1 |       ||     1
Armor: Animal skin       |    17 |       ||    17
       Robe              |    17 |     7 ||    24
Dodge: Dodged            |    45 |    14 ||    59
